 Dungeon Crawl Stone Soup version 0.29.1 (webtiles) character file.

Game seed: 10928689205573680007

8944 qw the Cleaver (level 11, -2/71 HPs)
             Began as a Gargoyle Fighter on Sept 13, 2022.
             Was a Priest of Okawaru.
             Slain by an elephant (6 damage)
             ... on level 1 of the Lair of Beasts.
             The game lasted 00:04:01 (12088 turns).

qw the Cleaver (Gargoyle Fighter)                  Turns: 12088, Time: 00:04:02

Health: -2/71      AC: 20    Str: 23    XL:     11   Next: 38%
Magic:  14/14      EV: 12    Int: 10    God:    Okawaru [***...]
Gold:   198        SH:  4    Dex:  9    Spells: 10/10 levels left

rFire   + . .      SeeInvis .   Y - +2 war axe
rCold   . . .      Faith    .   c - +0 buckler
rNeg    + . .      Spirit   .   o - +0 chain mail
rPois   inf        Reflect  .   l - +0 helmet
rElec   +          Harm     .   (no cloak)
rCorr   .          Rampage  .   (no gloves)
Will    .....                   j - +0 pair of boots
Stlth   ..........              (no amulet)
HPRegen 0.21/turn               u - +4 ring of evasion
MPRegen 0.14/turn               n - ring of protection from fire

@: no status effects
A: sickness immunity, AC +8, negative energy resistance 1, electricity
resistance, torment resistance 1, petrification resistance, hooves 1, wild magic
1, noise suppression
a: Renounce Religion, Heroism


You were on level 1 of the Lair of Beasts.
You worshipped Okawaru.
Okawaru was most pleased with you.
You visited 3 branches of the dungeon, and saw 11 of its levels.

You collected 508 gold pieces.
You spent 310 gold pieces at shops.


Innate Abilities, Weirdness & Mutations

You are immune to sickness and miasma.
Your stone body is resilient. (AC +8)
You are immune to poison.
You resist negative energy. (rN+)
You are resistant to electric shocks. (rElec)
You are resistant to unholy torment.
You are immune to petrification.
You have large cloven feet.
Your spells are a little harder to cast, but a little more powerful.
You passively dampen the noise of your surroundings.


   Skills:
 - Level 9.0 Fighting
 + Level 11.8 Axes
 - Level 4.0 Throwing
 - Level 6.0 Armour
 - Level 2.8 Dodging
 - Level 5.3 Shields
 - Level 4.0 Invocations


You had 10 spell levels left.
You didn't know any spells.
Your spell library was empty.

Inventory:

Hand Weapons
 w - a +1 flail of venom
 Y - a +2 war axe (weapon)
Armour
 b - a +1 ring mail of fire resistance
 c - a +0 buckler (worn)
 j - a +0 pair of boots (worn)
 l - a +0 helmet (worn)
 o - a +0 chain mail (worn)
Jewellery
 i - a ring of see invisible
 n - a ring of protection from fire (right hand)
 s - a ring of positive energy
 u - a +4 ring of evasion (left hand)
Scrolls
 g - a scroll of blinking
 m - a scroll of identify
Potions
 a - 3 potions of curing
 d - a potion of might
 e - a potion of mutation
 f - 3 potions of attraction
 h - 3 potions of haste
 k - 3 potions of lignification

Dungeon Overview and Level Annotations

Branches:
Dungeon (9/15)             Temple (1/1) D:7            Lair (1/5) D:9
    Orc: D:9-12

Altars:
Ashenzari
Cheibriados
Dithmenos
Elyvilon
Fedhas
Gozag
Hepliaklqana
Kikubaaqudgha
Makhleb
Nemelex Xobeh
Okawaru
Qazlal
Ru
Sif Muna
Trog
Uskayaw
Vehumet
Wu Jian
Xom
Yredelemnul
Zin
The Shining One

Shops:
D:7 **   D:9 (

Annotations:
D:4 3 runed translucent doors, qw's ghost, weakling GrDe
D:9 2 transporters
Lair:1 Grum; Urug


Message History

You barely miss the wyvern. The elephant tramples you.
You hold your ground!
The elephant barely misses you. The wyvern closely misses you.
You barely miss the elephant.
The elephant is moderately wounded.
You slash the wyvern!
The wyvern bites you but does no damage.
You hit the wyvern but do no damage.
The wyvern is severely wounded.
You barely miss the elephant. You block the elephant's attack.
The elephant trunk-slaps you but does no damage.
You block the wyvern's attack.
You slash the wyvern!
You kill the wyvern!
Okawaru accepts your kill.
You hit the elephant but do no damage.
The elephant tramples you but does no damage.
The elephant trunk-slaps you but does no damage.
You slash the elephant!
The elephant is heavily wounded.
The elephant closely misses you.
The elephant trunk-slaps you but does no damage.
You slash the elephant!
The elephant is heavily wounded.
You hit the elephant.
The elephant is severely wounded.
The elephant tramples you but does no damage.
The elephant trunk-slaps you but does no damage.
You slash the elephant!
The elephant is severely wounded.
The elephant misses you.
The elephant trunk-slaps you but does no damage.
You hit the elephant but do no damage.
The elephant is severely wounded.
You slash the elephant!
The elephant is almost dead.
You feel like a meek peon again. The elephant tramples you.
You die...

..7......### 77
P7.......#.. .
.P.......#.. 7P
7777.........#.. .77
.7..P........... ~7777..
..7.7........#%.
7......7.....7.......#..
7..P....7.P.7........##
. 77.@7..77.7......... .
7..Y%...7P.......... .
7....P..7P.......... .
7........P77.......>. .
7.P8..#.P..P.......... .
7.7.......7.......#### .
..P..#...#P7P......# # .
77.........P.......# # #
77.7.. ...........# #


You could see an elephant.

Vanquished Creatures
  A two-headed ogre (D:9)
  Pikel (D:8)
  A komodo dragon (Lair:1)
  A troll (D:9)
  Grinder (D:3)
  Sigmund (D:2)
  2 shadows (D:9)
  6 wyverns
  13 yaks
  A basilisk (D:9)
  2 steam dragons (D:9)
  3 water moccasins
  An acid dragon (D:8)
  2 orc warriors
  A sky beast (D:7)
  3 black bears
  3 wolves (Lair:1)
  3 centaurs
  2 phantoms (D:6)
  4 lemures (D:8)
  2 kobold brigands (D:7)
  2 bullfrogs (Lair:1)
  5 necrophages
  2 gnoll sergeants
  A scorpion (D:7)
  6 wights
  A howler monkey (D:9)
  2 lava snakes (D:9)
  6 hounds
  3 jellies
  3 orc priests
  A gnoll bouda (D:6)
  2 iguanas
  5 orc wizards
  8 gnolls
  17 adders
  2 shadow imps
  3 white imps
  5 dart slugs
  11 orcs
  7 bats
  8 endoplasms
  2 giant cockroaches
  10 goblins
  8 hobgoblins
  3 jackals (D:2)
  5 quokkas
  7 ball pythons
  3 frilled lizards
  16 kobolds
  9 rats
217 creatures vanquished.

Vanquished Creatures (others)
  5 fungi
  37 plants
42 creatures vanquished.

Grand Total: 259 creatures vanquished

Notes
Turn   | Place    | Note
-------+----------+-------------------------------------------
     0 | D:1      | qw the Gargoyle Fighter began the quest for the Orb.
     0 | D:1      | Reached XP level 1. HP: 14/14 MP: 1/1
     0 | D:1      | 0 ||| qw: Version: 0.1-a-119-g272c26d
     0 | D:1      | 0 ||| qw: Game counter: 11280
     0 | D:1      | 0 ||| qw: Always use a shield: true
     0 | D:1      | 0 ||| qw: God list: Okawaru
     0 | D:1      | 0 ||| qw: Allow faded altars: false
     0 | D:1      | 0 ||| qw: Do Orc after D:15 true
     0 | D:1      | 0 ||| qw: Do second Lair branch before Depths: true
     0 | D:1      | 0 ||| qw: Lair rune preference: random
     0 | D:1      | 0 ||| qw: Plans: Normal, Zot, God:TSO, Crypt, Tomb, Pan,
                  | Slime, Hells, Zig, Abyss, Orb
     0 | D:1      | 0 ||| PLANNING D:1-11
    50 | D:1      | Reached skill level 2 in Axes
   380 | D:1      | Reached XP level 2. HP: 19/19 MP: 2/2
   680 | D:1      | 680 ||| DROPPING +0 club.
  1023 | D:1      | 1023 ||| UPGRADING to +0 pair of boots.
  1028 | D:1      | 1028 ||| READING scroll labelled FOCROINL ODIU.
  1031 | D:1      | 1031 ||| READING scroll labelled BAIPSE PAOJE.
  1032 | D:1      | 1032 ||| READING scroll labelled NEMOEMECEKU.
  1033 | D:1      | 1033 ||| READING scroll labelled TIDAISHRIUPO.
  1034 | D:1      | 1034 ||| DRINKING 2 coppery potions.
  1035 | D:1      | 1035 ||| DROPPING potion of brilliance.
  1108 | D:2      | Reached skill level 3 in Axes
  1108 | D:2      | Reached XP level 3. HP: 12/23 MP: 3/3
  1280 | D:2      | Found a faded altar of an unknown god.
  1654 | D:2      | Noticed Sigmund
  1655 | D:2      | 1655 ||| Stepping ~*~*~tactically~*~*~ (hiding).
  1669 | D:2      | Killed Sigmund
  1670 | D:2      | Reached skill level 5 in Axes
  1670 | D:2      | Reached XP level 4. HP: 25/28 MP: 4/4
  1670 | D:2      | Reached XP level 5. HP: 29/32 MP: 5/5
  1780 | D:2      | 1780 ||| Stepping ~*~*~tactically~*~*~ (hiding).
  1880 | D:2      | Reached XP level 6. HP: 37/37 MP: 6/6
  1902 | D:2      | 1902 ||| FLEEEEING.
  1946 | D:2      | 1946 ||| Stepping ~*~*~tactically~*~*~ (stealth).
  1953 | D:2      | 1953 ||| Stepping ~*~*~tactically~*~*~ (stealth).
  1977 | D:2      | 1977 ||| DROPPING +0 mace.
  2085 | D:2      | 2085 ||| Stepping ~*~*~tactically~*~*~ (stealth).
  2282 | D:2      | 2282 ||| UPGRADING to +1 hat.
  2287 | D:2      | 2287 ||| READING scroll labelled OGI SOQUPOAVA.
  2288 | D:2      | 2288 ||| DRINKING 2 fizzy purple potions.
  2288 | D:2      | Gained mutation: Your spells are a little harder to cast,
                  | but a little more powerful. [potion of mutation]
  2288 | D:2      | Gained mutation: You have large cloven feet. [potion of
                  | mutation]
  2288 | D:2      | Gained mutation: You passively dampen the noise of your
                  | surroundings. [potion of mutation]
  2289 | D:2      | 2289 ||| DRINKING 2 fizzy sapphire potions.
  2290 | D:2      | 2290 ||| DRINKING 2 amethyst potions.
  2353 | D:3      | 2353 ||| STAIRDANCE
  2508 | D:3      | 2508 ||| Stepping ~*~*~tactically~*~*~ (stealth).
  2510 | D:3      | 2510 ||| Stepping ~*~*~tactically~*~*~ (stealth).
  2512 | D:3      | 2512 ||| Stepping ~*~*~tactically~*~*~ (hiding).
  2533 | D:3      | 2533 ||| Stepping ~*~*~tactically~*~*~ (stealth).
  2534 | D:3      | 2534 ||| Stepping ~*~*~tactically~*~*~ (stealth).
  2566 | D:3      | 2566 ||| Stepping ~*~*~tactically~*~*~ (stealth).
  2571 | D:3      | Reached skill level 1 in Dodging
  2615 | D:3      | Found a blossoming altar of Fedhas.
  3100 | D:3      | Noticed Grinder
  3114 | D:3      | Paralysed by Grinder for 5 turns
  3119 | D:3      | Killed Grinder
  3120 | D:3      | Reached skill level 6 in Axes
  3120 | D:3      | Reached XP level 7. HP: 24/43 MP: 7/7
  3519 | D:3      | 3519 ||| READING scroll labelled CIWAEJ VILALOBAR.
  3520 | D:3      | 3520 ||| READING scroll labelled VAUDWI ZIAMO.
  3621 | D:3      | 3621 ||| READING 3 scrolls of identify.
  3621 | D:3      | 3621 ||| IDENTIFYING smoky cyan potion
  3622 | D:3      | 3622 ||| READING 2 scrolls of identify.
  3622 | D:3      | 3622 ||| IDENTIFYING grey potion
  3623 | D:3      | 3623 ||| DROPPING potion of degeneration.
  3624 | D:3      | 3624 ||| DROPPING potion of ambrosia.
  3871 | D:4      | Found a runed translucent gate.
  3871 | D:4      | Found a runed translucent gate.
  3871 | D:4      | Found a runed translucent gate.
  3874 | D:4      | 3874 ||| Stepping ~*~*~tactically~*~*~ (stealth).
  3875 | D:4      | 3875 ||| Stepping ~*~*~tactically~*~*~ (stealth).
  3875 | D:4      | Noticed qw's ghost (weakling GrDe)
  3878 | D:4      | 3878 ||| Stepping ~*~*~tactically~*~*~ (stealth).
  3956 | D:4      | Found a radiant altar of Vehumet.
  3975 | D:4      | Reached skill level 7 in Axes
  3975 | D:4      | 3975 ||| FLEEEEING.
  3976 | D:4      | 3976 ||| FLEEEEING.
  3977 | D:4      | 3977 ||| FLEEEEING.
  4751 | D:4      | 4751 ||| UPGRADING to +0 chain mail.
  4761 | D:4      | 4761 ||| DROPPING +0 scale mail.
  4762 | D:4      | 4762 ||| DRINKING 3 smoky pink potions.
  4763 | D:4      | 4763 ||| READING 4 scrolls of identify.
  4763 | D:4      | 4763 ||| IDENTIFYING puce potion
  4764 | D:4      | 4764 ||| READING 3 scrolls of identify.
  4764 | D:4      | 4764 ||| IDENTIFYING viscous pink potion
  4765 | D:4      | 4765 ||| READING 2 scrolls of identify.
  4765 | D:4      | 4765 ||| IDENTIFYING clear potion
  4766 | D:4      | 4766 ||| DROPPING potion of invisibility.
  4767 | D:4      | 4767 ||| DROPPING potion of berserk rage.
  4780 | D:5      | Entered Level 5 of the Dungeon
  4796 | D:5      | Reached XP level 8. HP: 35/49 MP: 8/8
  4962 | D:5      | Identified the +1 robe of Safucy {Str+7 Dex-2}
  4989 | D:5      | 4989 ||| Stepping ~*~*~tactically~*~*~ (stealth).
  5103 | D:5      | 5103 ||| Stepping ~*~*~tactically~*~*~ (hiding).
  5130 | D:5      | 5130 ||| DRINKING 2 ruby potions.
  5131 | D:5      | 5131 ||| READING 3 scrolls of teleportation.
  5148 | D:5      | 5148 ||| READING 2 scrolls of teleportation.
  5164 | D:5      | HP: 10/49 [black bear (5)]
  5165 | D:5      | 5165 ||| READING scroll of teleportation.
  5165 | D:5      | HP: 4/49 [black bear (6)]
  5166 | D:5      | 5166 ||| DRINKING potion of heal wounds.
  5168 | D:5      | Reached skill level 8 in Axes
  5629 | D:5      | Reached skill level 6 in Fighting
  5661 | D:5      | 5661 ||| Stepping ~*~*~tactically~*~*~ (hiding).
  5662 | D:5      | 5662 ||| Stepping ~*~*~tactically~*~*~ (hiding).
  5819 | D:5      | 5819 ||| UPGRADING to ring of positive energy.
  5861 | D:6      | 5861 ||| Stepping ~*~*~tactically~*~*~ (hiding).
  5870 | D:6      | 5870 ||| Stepping ~*~*~tactically~*~*~ (stealth).
  5871 | D:6      | 5871 ||| Stepping ~*~*~tactically~*~*~ (stealth).
  6113 | D:6      | Found a shadowy altar of Dithmenos.
  6343 | D:6      | Reached XP level 9. HP: 55/55 MP: 9/9
  6361 | D:6      | Reached skill level 9 in Axes
  6563 | D:6      | Found a glowing golden altar of the Shining One.
  6563 | D:6      | Found an ancient bone altar of Kikubaaqudgha.
  6565 | D:6      | Found a hide-covered altar of Uskayaw.
  6567 | D:6      | Found a shimmering blue altar of Sif Muna.
  6610 | D:6      | 6610 ||| Stepping ~*~*~tactically~*~*~ (hiding).
  6910 | D:7      | 6910 ||| Stepping ~*~*~tactically~*~*~ (hiding).
  7383 | D:7      | Found Yziff's Specific Store.
  7385 | D:7      | Found Jeiwn's General Store.
  7394 | D:7      | 7394 ||| BUYING +0 helmet (49 gold).
  7394 | D:7      | Bought a +0 helmet for 49 gold pieces
  7394 | D:7      | 7394 ||| BUYING potion of curing (33 gold).
  7394 | D:7      | Bought a potion of curing for 33 gold pieces
  7394 | D:7      | 7394 ||| BUYING potion of lignification (33 gold).
  7394 | D:7      | Bought a potion of lignification for 33 gold pieces
  7554 | D:7      | Found a burning altar of Makhleb.
  7835 | D:7      | Found a stormy altar of Qazlal.
  7906 | D:7      | Reached skill level 10 in Axes
  7995 | D:7      | 7995 ||| Stepping ~*~*~tactically~*~*~ (stealth).
  8036 | D:7      | Found a staircase to the Ecumenical Temple.
  8046 | D:7      | 8046 ||| PLANNING TEMPLE
  8046 | D:7      | 8046 ||| UPGRADING to +0 helmet.
  8056 | D:7      | 8056 ||| DROPPING +1 hat.
  8057 | D:7      | 8057 ||| READING scroll labelled ROTAASEHELIL.
  8108 | D:7      | 8108 ||| READING scroll labelled MIMNUUSOTH.
  8109 | D:7      | 8109 ||| READING scroll labelled PUIDDAIGHE.
  8110 | D:7      | 8110 ||| READING 2 scrolls of identify.
  8110 | D:7      | 8110 ||| IDENTIFYING purple potion
  8111 | D:7      | 8111 ||| DROPPING potion of magic.
  8114 | Temple   | Entered the Ecumenical Temple
  8308 | Temple   | 8308 ||| PLANNING D:1-11
  8348 | Temple   | Became a worshipper of Warmaster Okawaru
  8533 | D:7      | 8533 ||| Stepping ~*~*~tactically~*~*~ (stealth).
  8645 | D:7      | 8645 ||| UPGRADING to ring of protection from fire.
  8755 | D:8      | HP: 11/57 [acid dragon (4)]
  8757 | D:8      | Reached skill level 1 in Throwing
  9095 | D:8      | Noticed Pikel
  9096 | D:8      | 9096 ||| Stepping ~*~*~tactically~*~*~ (stealth).
  9099 | D:8      | 9099 ||| Stepping ~*~*~tactically~*~*~ (stealth).
  9101 | D:8      | 9101 ||| Stepping ~*~*~tactically~*~*~ (stealth).
  9109 | D:8      | 9109 ||| Stepping ~*~*~tactically~*~*~ (stealth).
  9110 | D:8      | 9110 ||| Stepping ~*~*~tactically~*~*~ (stealth).
  9117 | D:8      | 9117 ||| Stepping ~*~*~tactically~*~*~ (stealth).
  9140 | D:8      | 9140 ||| Stepping ~*~*~tactically~*~*~ (stealth).
  9147 | D:8      | Killed Pikel
  9147 | D:8      | Reached * piety under Okawaru
  9148 | D:8      | Reached XP level 10. HP: 34/63 MP: 10/10
  9148 | D:8      | 9148 ||| INVOKING Heroism.
  9421 | D:8      | 9421 ||| Stepping ~*~*~tactically~*~*~ (hiding).
  9791 | D:8      | Reached skill level 1 in Invocations
  9823 | D:8      | 9823 ||| UPGRADING to +4 ring of evasion.
  9825 | D:8      | 9825 ||| READING scroll labelled WUADUP IFOC.
  9826 | D:8      | 9826 ||| READING 2 scrolls labelled IPEH ZIKOCIDO.
  9827 | D:8      | 9827 ||| READING scroll of enchant weapon.
  9827 | D:8      | 9827 ||| ENCHANTING +1 war axe.
  9856 | D:9      | Found Filaong's Antique Weapon Shoppe.
  9858 | D:9      | 9858 ||| INVOKING Heroism.
 10059 | D:9      | Reached skill level 3 in Invocations
 10098 | D:9      | 10098 ||| Stepping ~*~*~tactically~*~*~ (hiding).
 10110 | D:9      | 10110 ||| INVOKING Heroism.
 10113 | D:9      | 10113 ||| Stepping ~*~*~tactically~*~*~ (hiding).
 10130 | D:9      | Reached ** piety under Okawaru
 10142 | D:9      | 10142 ||| Stepping ~*~*~tactically~*~*~ (stealth).
 10227 | D:9      | 10227 ||| Stepping ~*~*~tactically~*~*~ (stealth).
 10229 | D:9      | 10229 ||| Stepping ~*~*~tactically~*~*~ (stealth).
 10233 | D:9      | 10233 ||| Stepping ~*~*~tactically~*~*~ (stealth).
 10250 | D:9      | 10250 ||| Stepping ~*~*~tactically~*~*~ (stealth).
 10263 | D:9      | 10263 ||| Stepping ~*~*~tactically~*~*~ (stealth).
 10279 | D:9      | 10279 ||| Stepping ~*~*~tactically~*~*~ (stealth).
 10290 | D:9      | 10290 ||| INVOKING Heroism.
 10296 | D:9      | Reached skill level 6 in Armour
 10430 | D:9      | Found a staircase to the Lair.
 10687 | D:9      | 10687 ||| INVOKING Heroism.
 10718 | D:9      | Found a white marble altar of Elyvilon.
 10787 | D:9      | Found a transporter.
 10788 | D:9      | Noticed a kobold demonologist
 10789 | D:9      | Noticed a fire crab
 10792 | D:9      | Noticed a kobold demonologist
 10793 | D:9      | Noticed an orc sorcerer
 10807 | D:9      | Noticed a fire crab
 10808 | D:9      | Noticed a kobold demonologist
 10837 | D:9      | 10837 ||| Stepping ~*~*~tactically~*~*~ (hiding).
 10842 | D:9      | 10842 ||| INVOKING Heroism.
 10881 | D:9      | 10881 ||| Stepping ~*~*~tactically~*~*~ (stealth).
 10883 | D:9      | 10883 ||| Stepping ~*~*~tactically~*~*~ (stealth).
 10885 | D:9      | 10885 ||| Stepping ~*~*~tactically~*~*~ (stealth).
 10890 | D:9      | 10890 ||| INVOKING Heroism.
 10909 | D:9      | Reached skill level 11 in Axes
 11109 | D:9      | 11109 ||| INVOKING Heroism.
 11119 | D:9      | Reached XP level 11. HP: 39/69 MP: 12/14
 11120 | D:9      | Reached *** piety under Okawaru
 11124 | D:9      | Reached skill level 9 in Fighting
 11413 | D:9      | Found a transporter.
 11561 | D:9      | Found a sparkling altar of Nemelex Xobeh.
 11600 | D:9      | Noticed a two-headed ogre
 11601 | D:9      | 11601 ||| INVOKING Heroism.
 11606 | D:9      | Killed a two-headed ogre
 11714 | D:9      | 11714 ||| BUYING runed flail (195 gold).
 11714 | D:9      | Bought a runed flail for 195 gold pieces
 11714 | D:9      | 11714 ||| DROPPING +0 flail.
 11715 | D:9      | 11715 ||| PLANNING LAIR
 11715 | D:9      | 11715 ||| READING 2 scrolls of identify.
 11715 | D:9      | 11715 ||| IDENTIFYING golden potion
 11716 | D:9      | 11716 ||| DROPPING potion of flight.
 11774 | Lair:1   | Entered Level 1 of the Lair of Beasts
 11781 | Lair:1   | 11781 ||| INVOKING Heroism.
 11899 | Lair:1   | 11899 ||| Stepping ~*~*~tactically~*~*~ (stealth).
 11906 | Lair:1   | 11906 ||| INVOKING Heroism.
 11937 | Lair:1   | 11937 ||| INVOKING Heroism.
 12024 | Lair:1   | Noticed Urug
 12025 | Lair:1   | 12025 ||| INVOKING Heroism.
 12047 | Lair:1   | 12047 ||| INVOKING Heroism.
 12052 | Lair:1   | HP: 11/71 [Urug/+0 vampiric long sword (13)]
 12053 | Lair:1   | 12053 ||| READING 2 scrolls of teleportation.
 12054 | Lair:1   | 12054 ||| DRINKING potion of heal wounds.
 12058 | Lair:1   | Noticed Grum
 12063 | Lair:1   | HP: 17/71 [wolf[Grum] (3)]
 12064 | Lair:1   | 12064 ||| READING scroll of teleportation.
 12069 | Lair:1   | 12069 ||| Stepping ~*~*~tactically~*~*~ (stealth).
 12070 | Lair:1   | 12070 ||| INVOKING Heroism.
 12075 | Lair:1   | HP: 10/71 [wyvern (4)]
 12079 | Lair:1   | HP: 3/71 [elephant (3)]
 12088 | Lair:1   | Slain by an elephant

Levels and vault maps discovered:
D:1:      tarquinn_simple_flora_water_d, layout_loops_ring,
          minmay_split_cup_large
D:2:      layout_loops_ring, ebering_ecumenical_altar_sacrificial,
          minmay_circle_x, uniq_sigmund
D:3:      layout_basic, mainiacjoe_overflow_paths, minmay_guardbox, uniq_grinder
D:4:      dreamdust_elfheim, layout_rooms, vehumet_statue,
          gammafunk_ghost_nasty_kobolds, minmay_small_thing
D:5:      layout_rooms, minmay_fractal_squares_gapless_5
D:6:      layout_basic, minitemple, nicolae_dithmenos_through_a_glass_darkly
D:7:      layout_loops_ring, mainiacjoe_overflow_swirl,
          minmay_temple_entry_statues_fountains, nicolae_specific_store
D:8:      layout_loops_ring, uniq_pikel
D:9:      gammafunk_wand_slinger, layout_stronghold,
          mainiacjoe_overflow_tiny_flanked, nemelex_diamond_rough_becter,
          minmay_lair_entry_grove, nicolae_inconvenience_store,
          minmay_fractal_squares_diagonal_5
Temple:   minmay_temple_curvy_loop
Lair:1:   wad_woods_stonehenge, layout_regular_city, minmay_shattered_shrine,
          uniq_urug, uniq_grum

Skill      XL: |  1  2  3  4  5  6  7  8  9 10 11 |
---------------+----------------------------------+-----
Axes           | 2 3 5 6 7 8 10 11 | 11.8
Fighting       | 4 5 6 7 8 9 |  9.0
Dodging        | 1 2 |  2.8
Armour         | 4 5 6 |  6.0
Shields        | 4 5 |  5.3
Throwing       | 4 |  4.0
Invocations    | 4 |  4.0

Action                   |  1- 3 |  4- 6 |  7- 9 | 10-12 || total
-------------------------+-------+-------+-------+-------++-------
Melee: War axe           |    98 |   124 |   408 |   257 ||   887
Throw: Javelin           |       |       |     1 |    16 ||    17
       Boomerang         |       |       |       |     6 ||     6
Invok: Heroism           |       |       |       |    15 ||    15
  Use: Scroll            |     4 |     1 |    14 |     6 ||    25
       Potion            |     1 |     3 |     3 |     1 ||     8
Armor: Scale mail        |    55 |    76 |    53 |       ||   184
       Chain mail        |       |       |   230 |   100 ||   330
Dodge: Dodged            |    44 |    38 |   126 |   129 ||   337
Block: Buckler           |    14 |    17 |    81 |    58 ||   170

Table legend:
 A = Non-vault XP
 B = Vault XP
 C = Vault XP percentage of total XP
 D = Non-vault monster count
 E = Vault monster count
 F = Vault count percentage of total count
                 A         B        C        D         E       F
            +---------+---------+-------+---------+---------+-------
      Total |    7631 |    5147 |  40.3 |     154 |      59 |  27.7
            +---------+---------+-------+---------+---------+-------
        D:1 |      21 |       7 |  25.0 |      13 |       4 |  23.5
        D:2 |      94 |     258 |  73.3 |      21 |      13 |  38.2
        D:3 |      30 |     315 |  91.3 |      13 |      13 |  50.0
        D:4 |     256 |     123 |  32.5 |      14 |       2 |  12.5
        D:5 |     546 |     260 |  32.3 |      16 |       4 |  20.0
        D:6 |     635 |       0 |   0.0 |      13 |       0 |   0.0
        D:7 |    1299 |       0 |   0.0 |      33 |       0 |   0.0
        D:8 |     454 |     629 |  58.1 |       7 |       1 |  12.5
        D:9 |    2600 |    2901 |  52.7 |      16 |      17 |  51.5
     Lair:1 |    1696 |     654 |  27.8 |       8 |       5 |  38.5
            +---------+---------+-------+---------+---------+-------
